 Dungeon Crawl Stone Soup version 0.25.1-2-g60ff931df9 (webtiles) character file.

Game seed: 9719089123560855245

27 raphaelitos the Magician (level 3, 0/21 HPs)
             Began as an Octopode Wizard on Nov 23, 2020.
             Slain by Terence
             ... wielding a +0 trident
              (6 damage)
             ... on level 2 of the Dungeon.
             The game lasted 00:04:34 (1727 turns).

raphaelitos the Magician (Octopode Wizard)          Turns: 1727, Time: 00:04:34

Health: 0/21       AC:  2    Str:  6    XL:     3   Next: 10%
Magic:  1/8        EV: 13    Int: 21    God:
Gold:   95         SH:  0    Dex: 10    Spells: 2/9 levels left

rFire    . . .     SeeInvis .   (no weapon)
rCold    . . .     Gourm    .   (no shield)
rNeg     . . .     Faith    .   a - +1 hat
rPois    .         Spirit   .   (no amulet)
rElec    .         Reflect  .   (no ring)
rCorr    .         Harm     .   (no ring)
MR       .....                  (no ring)
Stlth    +++.......             (no ring)
HPRegen  0.07/turn              (no ring)
MPRegen  0.11/turn              (no ring)
                                (no ring)
                                (no ring)

@: very slightly contaminated
A: almost no armour, stealthy swim, amphibious, 8 rings, constrict 8, camouflage
1, gelatinous body 1
a: no special abilities


You were on level 2 of the Dungeon.
You were hungry.

You visited 1 branch of the dungeon, and saw 2 of its levels.

You collected 95 gold pieces.

Inventory:

Missiles
 b - 22 arrows
Armour
 a - a +1 hat (worn)
Scrolls
 d - a scroll of fog {unknown}
 e - a scroll of random uselessness {unknown}
Potions
 h - a potion of berserk rage {unknown}
Comestibles
 c - 4 rations


   Skills:
 + Level 2.3 Dodging
 + Level 3.1 Stealth
 + Level 0.2 Unarmed Combat
 + Level 3.5 Spellcasting
 + Level 1.1 Conjurations
 + Level 1.0 Summonings
 + Level 1.0 Translocations


You had 2 spell levels left.
You knew the following spells:

 Your Spells              Type           Power        Failure   Level  Hunger
a - Magic Dart            Conj           #...         8%          1    None
b - Blink                 Tloc           N/A          13%         2    ##.....
c - Call Imp              Summ           #.......     12%         2    ##.....
d - Slow                  Hex            #.......     19%         2    ##.....

Your spell library contained the following spells:

 Spells                   Type           Power        Failure   Level  Hunger
 Conjure Flame            Conj/Fire      #.......     30%         3    ###....
 Mephitic Cloud           Conj/Pois/Air  #.......     32%         3    ###....


Dungeon Overview and Level Annotations

Branches:
Dungeon (2/15)

Altars:

Annotations:
D:2 Terence


Innate Abilities, Weirdness & Mutations

You cannot wear most types of armour.
You are very stealthy in the water. (Stealth+)
You are amphibious.
You can wear up to eight rings at the same time.
You can use your tentacles to constrict eight enemies at once.
Your skin changes colour to match your surroundings (Stealth+).
Your rubbery body absorbs attacks. (AC +1, EV +1)


Message History

Terence is moderately wounded.
You constrict Terence. Terence hits you with a +0 trident.
Your crimson imp blinks!
You release your grip on Terence.
Terence says, "Don't bother to defend, it's senseless."
Terence barely misses you.
Casting: Magic Dart (safe; 8% risk of failure)
Confirm with . or Enter, or press ? or * to list all spells.
Aiming: Magic Dart (safe; 8% risk of failure)
Press: ? - help, Shift-Dir - straight line, f/p - Terence
Aim: Terence, wielding a +0 trident and wearing a +0 chain mail (heavily wounded)
The magic dart hits Terence.
Terence is heavily wounded.
Terence completely misses you.
Your crimson imp blinks!
Your crimson imp disappears in a puff of smoke!
Terence hits you from afar with a +0 trident.
* * * LOW HITPOINT WARNING * * *
Terence hits you from afar with a +0 trident.
You die...

#.........###.####.#.#.#.###
#.....†.>.#........#........
#.....§..5#.#...........<...
#)........#.......<#.#......
#.....###.#.#......#.#......
#..... #.#..........#######
#.....###@#......#.....#
+....§+..................
#.....###..@............#
#..... ####.......(.#### #
#..... #.......... .
#.).......# # #.........#
#......... #.........
#......... #.........


You could see Terence.

Vanquished Creatures
  3 bats
  4 goblins
  7 hobgoblins
  A kobold (D:1)
  A ball python (D:2)
  2 frilled lizards (D:1)
  2 rats (D:1)
20 creatures vanquished.

Vanquished Creatures (collateral kills)
  A goblin (D:2)
  A ball python (D:2)
  A kobold (D:1)
  A rat (D:1)
4 creatures vanquished.

Grand Total: 24 creatures vanquished

Notes
Turn   | Place    | Note
-------+----------+-------------------------------------------
     0 | D:1      | raphaelitos the Octopode Wizard began the quest for the
                  | Orb.
     0 | D:1      | Reached XP level 1. HP: 11/11 MP: 4/4
   442 | D:1      | Reached XP level 2. HP: 11/17 MP: 1/6
   809 | D:1      | Learned a level 2 spell: Blink
   812 | D:1      | Learned a level 2 spell: Call Imp
   885 | D:1      | Learned a level 2 spell: Slow
  1614 | D:2      | Reached XP level 3. HP: 21/21 MP: 5/8
  1704 | D:2      | Noticed Terence
  1727 | D:2      | Slain by Terence

Illustrated notes

Levels and vault maps discovered:
D:1:      minmay_arrival_cross, layout_basic, serial_forest,
          infiniplex_forest_lined_3, infiniplex_forest_lined_2,
          infiniplex_forest_clump_diagonal, infiniplex_forest_clump_diagonal,
          infiniplex_forest_clump_double, infiniplex_forest_straight_4,
          infiniplex_forest_corner_1
D:2:      minmay_recursive_quarters, layout_basic, minmay_misc_feat_hallway,
          minmay_pentomino_s4, uniq_terence

Skill      XL: |  1  2 |
---------------+-------+-----
Stealth        | 3 |  3.1
Dodging        | |  2.3
Unarmed Combat | |  0.2
Spellcasting   | |  3.5
Conjurations   | |  1.1
Summonings     | |  1.0
Translocations | |  1.0

Action                   || total
-------------------------++-------
Melee: Unarmed           ||    33
       Constrict         ||     9
       Tentacles         ||     5
 Cast: Magic Dart        ||    32
       Call Imp          ||     7
  Use: Scroll            ||     3
 Stab: Sleeping          ||     1
  Eat: Chunk             ||     2
Armor: Skin              ||     5
Dodge: Dodged            ||    24
